Eggs, chaotic male elven Priest -- -.-- |...| ....| ....-- .|..... |.|.... --.|.... -......-- ........| ....... .*. -- ---^--- --- .. |.)).)--|.. ---.----- -.---G.--.- |...|...---- .. |.@...-- |..-.......-------- -- |..)f..-- |............--.|<| --......----....|.--.........| -----..........|-----.----.-- ------------ --- --- Eggs the Acolyte Experience level: 5 Strength: 10 Dexterity: 15 Constitution: 14 Intelligence: 10 Wisdom: 18 Charisma: 9 Health: 0(38) Energy: 73(73) Def: 6 Gold: 53 Moves: 1458 Dungeon seed: T6EHWJ-VRSvkpeKC Game ID: Eggs_1614684709 Your Inventory: Coins $ - 53 gold pieces Weapons a - a blessed +1 mace (weapon in hand) l - a +0 orcish dagger Armor e - a +0 robe (being worn) n - a +0 small shield (being worn) q - a +0 orcish helm r - a +0 orcish helm (being worn) y - a +0 leather jacket z - a +0 pair of iron shoes (being worn) Comestibles c - a clove of garlic d - a sprig of wolfsbane p - a tripe ration Scrolls s - a blessed scroll of fire Wands o - a wand of cold (0:0) t - a wand of probing (0:7) Tools h - a wooden flute j - a bell m - a sack Contents of the sack: 358 gold pieces a spellbook of cure sickness a spellbook of remove curse 4 potions of holy water a potion of water Spells and supernatural/magical abilities: Name Level Category Fail Memory r - remove curse 3 clerical 0% 93% K - cure sickness 3 healing 81% 93% W - pray for help -- divine ? -- X - turn undead -- divine ? -- Your skills at the end: Fighting Skills Weapon Skills mace [Basic] Spellcasting Skills clerical spells [Basic] Final Attributes: You were piously aligned. You were sleep resistant. You had infravision. You are dead. Vanquished creatures: a ghost a gnome lord a little dog a kitten a kobold lord 2 orc zombies a wererat a giant rat 2 cave spiders a brown mold 5 gnomes 5 garter snakes a gnome zombie 8 jackals 2 goblins 8 sewer rats 2 lichens 2 kobold zombies 3 newts 48 creatures vanquished. Voluntary challenges: You used a wielded weapon 53 times, starting on turn 12. You read items or engraved 2 times, starting on turn 693. You never genocided any monsters. You never polymorphed an object. You never changed form. You used no wishes. You never split a pudding. You never wrote Elbereth's name. You never violated your personal moral code. Dungeon overview: The Dungeons of Doom: levels 1 to 4 Level 1 a fountain a long staircase Level 2 an altar to Shan Lai Ching, some fountains Level 3 Level 4 a fountain stairs to The Gnomish Mines The Gnomish Mines: Level 5 <- You were here stairs to The Dungeons of Doom History has recorded: On T:1 you entered the Dungeons of Doom to retrieve the Amulet of Yendor! On T:350 you reached level 2 of The Dungeons of Doom. On T:432 you advanced to experience level 2. On T:444 you advanced to experience level 3. On T:574 you reached level 3 of The Dungeons of Doom. On T:871 you reached level 4 of The Dungeons of Doom. On T:1165 you advanced to experience level 4. On T:1354 you reached level 1 of The Gnomish Mines. On T:1416 you advanced to experience level 5. Score breakdown: Gold: 411 ( 8894 points) Experience: 5 levels (11141 points) Exploration: 5 levels ( 10.87%) ( 8944 points) Discoveries: 3 items ( 1.05%) ( 3072 points) Valuables value: (no points given unless you survive) Artifact value: 0 ( 0 points) Variety of kills: 19 monsters ( 4.99%) ( 6699 points) Turncount: 1458 turns ( 0 points) Survival: died (score multiplied by 80%) Total score: 31000 Latest messages: There is a grave here. Something is engraved here on the headstone. You read: "Nebula, killed by a gnome king". There are many objects here. The gnome king swings his thonged club. The gnome king hits! You hit the gnome king. (2x) Qwerty picks up a dagger. The gnome king swings his thonged club. The gnome king hits! There are a few objects here. You see here a dagger. Qwerty picks up a dagger. You see here a cursed dagger. Qwerty drops a dagger. The bolt of cold bounces! You see here a cursed dagger. Qwerty picks up a dagger. You feel an absence of magical power. Qwerty drops a dagger. The gnome king swings his thonged club. The gnome king hits! You die... Final status: Goodbye Eggs the Priest, killed by a gnome king... You died in The Gnomish Mines on dungeon level 5 with 31000 points, and 411 pieces of gold, after 1458 moves. You were level 5 with a maximum of 38 hit points when you died.